 Dungeon Crawl Stone Soup version 0.25.0-9-g26727b657a (webtiles) character file.

Game seed: 15258618011123426376

16 Descartes the Vexing (level 2, 0/11 HPs)
             Began as a Felid Enchanter on June 20, 2020.
             Slain by a hobgoblin (3 damage)
             ... on level 1 of the Dungeon.
             The game lasted 00:02:24 (706 turns).

Descartes the Vexing (Felid Enchanter)               Turns: 706, Time: 00:02:25

Health: 0/11       AC:  1    Str:  4    XL:     2   Next: 37%
Magic:  5/6        EV: 18    Int: 16    God:
Gold:   22         SH:  0    Dex: 16    Spells: 4/5 levels left
                                        Lives:  0   Deaths: 0

rFire    . . .     SeeInvis +     - Unarmed
rCold    . . .     Gourm    .   (shield unavailable)
rNeg     . . .     Faith    .   (armour unavailable)
rPois    .         Spirit   .   (helmet unavailable)
rElec    .         Reflect  .   (cloak unavailable)
rCorr    .         Harm     .   (gloves unavailable)
MR       .....                  (boots unavailable)
Stlth    +++.......             (no amulet)
HPRegen  0.03/turn              (no ring)
MPRegen  0.10/turn              (no ring)

@: quick
A: very small, no armour, no weapons or thrown items, stealth, claws 1, fangs 3,
see invisible, carnivore, speed 1, shaggy fur 1, slow metabolism 1, sharp paws
a: no special abilities


You were on level 1 of the Dungeon.
You were very full.

You visited 1 branch of the dungeon, and saw 1 of its levels.

You collected 22 gold pieces.

Inventory:

Missiles
 d - 16 stones
Scrolls
 a - a scroll of magic mapping {unknown}
 c - a scroll of fear {unknown}
 f - a scroll of fog {unknown}
 g - a scroll of identify {unknown}
 h - a scroll of blinking {unknown}
Potions
 e - 3 potions of might {unknown}
Comestibles
 b - 2 rations


   Skills:
 + Level 3.0 Dodging
 * Level 4.4 Stealth
 * Level 1.6 Unarmed Combat
 - Level 2.0 Spellcasting
 + Level 4.6 Hexes


You had 4 spell levels left.
You knew the following spells:

 Your Spells              Type           Power        Failure   Level  Hunger
a - Corona                Hex            ###....      3%          1    #......

Your spell library contained the following spells:

 Spells                   Type           Power        Failure   Level  Hunger
 Confusing Touch          Hex            ###.....     10%         3    ###....
 Tukima's Dance           Hex            ###.....     10%         3    ###....
 Ensorcelled Hibernation  Hex/Ice        #.....       12%         2    ###....
 Dazzling Flash           Conj/Hex       #.....       24%         3    ###....


Dungeon Overview and Level Annotations

Branches:
Dungeon (1/15)

Altars:


Innate Abilities, Weirdness & Mutations

You cannot wear armour.
You are incapable of wielding weapons or throwing items.
Your paws allow you to move quietly. (Stealth)
You have sharp claws.
You have razor-sharp teeth.
You have supernaturally acute eyesight. (SInv)
You are carnivorous and can eat meat at any time.
You cover ground quickly.
You are covered in fur. (AC +1)
You have a slow metabolism.
Your sharp claws are effective at attacking unaware monsters.


Message History

Press: ? - help, Shift-Dir - straight line The hobgoblin is outlined in light.
The hobgoblin closely misses you.
You scratch the hobgoblin but do no damage.
The hobgoblin completely misses you.
You scratch the hobgoblin but do no damage.
The hobgoblin closely misses you.
You barely miss the hobgoblin. The hobgoblin completely misses you.
You scratch the hobgoblin but do no damage.
The hobgoblin barely misses you.
You scratch the hobgoblin.
You bite the hobgoblin, but do no damage.
The hobgoblin is almost dead.
The hobgoblin closely misses you.
You scratch the hobgoblin but do no damage.
The hobgoblin is almost dead.
The hobgoblin barely misses you.
You scratch the hobgoblin but do no damage.
The hobgoblin is almost dead.
The hobgoblin hits you.
You die...

.....>................# #.#
.....##..###.###.###..# #.##
.........#...#.#...#..# ##.#
......##.###.#.#.###..######
##.
......##...................###
##
##....####.#.#.#.#.#######...#
###### #.....#.#.#######...#
#####...g.....[.....#
###@............#
#..........#### #..........#
#..........#
#######..........#
#................#
#.....>....#######
#.....^....# ############


You could see a hobgoblin (corona).

Vanquished Creatures
  An ooze (D:1)
  A ball python (D:1)
  A bat (D:1)
  A giant cockroach (D:1)
  2 goblins (D:1)
  2 hobgoblins (D:1)
  2 rats (D:1)
10 creatures vanquished.

Notes
Turn   | Place    | Note
-------+----------+-------------------------------------------
     0 | D:1      | Descartes the Felid Enchanter began the quest for the Orb.
     0 | D:1      | Reached XP level 1. HP: 7/7 MP: 4/4
   164 | D:1      | Reached XP level 2. HP: 4/11 MP: 4/6
   706 | D:1      | Slain by a hobgoblin

Illustrated notes

Levels and vault maps discovered:
D:1:      dpeg_arrival_yet_another_circle, layout_basic,
          minmay_misc_feat_nine_boxes, hex_intersection

Skill      XL: |  1  2 |
---------------+-------+-----
Dodging        | 3 |  3.0
Stealth        | |  4.4
Unarmed Combat | |  1.6
Spellcasting   | |  2.0
Hexes          | |  4.6

Action                   || total
-------------------------++-------
Melee: Unarmed           ||    45
       Bite              ||     4
 Cast: Corona            ||     6
 Stab: Sleeping          ||     3
  Eat: Chunk             ||     6
Dodge: Dodged            ||    31
